 Dungeon Crawl Stone Soup version 0.20-a0-1116-gaa52201 (webtiles) character file.

74 Murumi the Sneak (level 4, 0/33 HPs)
             Began as a Vampire Enchanter on May 7, 2017.
             Slain by a centaur (1 damage)
             ... on level 2 of the Dungeon.
             The game lasted 00:08:17 (2413 turns).

Murumi the Sneak (Vampire Enchanter)                Turns: 2413, Time: 00:08:17

Health: 0/33       AC:  2    Str:  7    XL:     4   Next: 10%
Magic:  2/7        EV: 13    Int: 17    God:
Gold:   88         SH:  0    Dex: 15    Spells: 1/7 levels left

rFire    + . .     SeeInvis +   a - +1 dagger
rCold    + + +     Gourm    .   (no shield)
rNeg     + + +     Faith    .   b - +0 robe
rPois    ∞         Spirit   .   (no helmet)
rElec    +         Reflect  .   (no cloak)
rCorr    +         Harm     .   (no gloves)
MR       .....                  (no boots)
Stlth    +++++.....             f - amulet of rage
Regen    0.0/turn               (no ring)
MPRegen  0.1/turn               (no ring)

@: resistant, bloodless, non-regenerating
A: fangs 3, see invisible, unbreathing
a: Bat Form, Evoke Berserk Rage


You were on level 2 of the Dungeon.
You were bloodless.

You visited 1 branch of the dungeon, and saw 3 of its levels.

You collected 88 gold pieces.

Inventory:

Hand Weapons
 a - a +1 dagger (weapon)
Armour
 b - a +0 robe (worn)
 k - a +0 shield
 l - a +1 large shield of cold resistance
Jewellery
 f - an amulet of rage (around neck)
Scrolls
 e - 5 scrolls of teleportation
 i - a scroll of recharging {unknown}
 j - a scroll of fog
Potions
 d - 21 potions of blood
 g - 3 potions of magic
 n - a potion of haste {unknown}
Books
 c - a book of Maledictions

   Spells                             Type                      Level
   a - Corona                         Hexes                        1
   b - Ensorcelled Hibernation        Hexes/Ice                    2
   c - Confuse                        Hexes                        3
   d - Tukima's Dance                 Hexes                        3
   e - Dazzling Spray                 Conjuration/Hexes            3


   Skills:
 - Level 2.1 Fighting
 - Level 1.1 Short Blades
 - Level 2.1 Dodging
 + Level 6.4 Stealth
 - Level 2.0 Spellcasting
 - Level 4.4 Hexes


You had one spell level left.
You knew the following spells:

 Your Spells              Type           Power        Failure   Level  Hunger
a - Corona                Hex            ###....      3%          1    #......
b - Ensorcelled Hibernat  Hex/Ice        #.....       12%         2    ###....
c - Confuse               Hex            ###.....     10%         3    ###....


Dungeon Overview and Level Annotations

Branches:
Dungeon (3/15)

Altars:
Ashenzari


Innate Abilities, Weirdness & Mutations

You do not heal naturally.
You are immune to poison.
You have razor-sharp teeth.
You have supernaturally acute eyesight. (SInv)
You can survive without breathing.


Message History

Casting: Confuse
Confirm with . or Enter, or press ? or * to list all spells.
You don't have enough magic to cast that spell.
Unknown command.
You barely miss the centaur.
The centaur is almost dead.
The centaur hits you. x2
You hit the centaur. You bite the centaur, but do no damage.
The centaur is almost dead.
The centaur misses you.
You barely miss the centaur. Your bite misses the centaur.
The centaur is almost dead.
The centaur hits you.
* * * LOW HITPOINT WARNING * * *
The centaur hits you!
* * * LOW HITPOINT WARNING * * *
It was a potion of resistance.
You feel protected. The centaur hits you.
You die...

##############
##########.......##...#
......##.........##)..###
.......#................#########
...................''............
..................(##...####.....
................@..##...#........
........#...###c........#....###.
..###.......###....###.........#.
..###...........######.........#.
.................................
.........###....#######......)...
.........# #....####.......###...
.........# ###.............#.....
#........####..............#.....


You could see a centaur.

Vanquished Creatures
  3 adders (D:2)
  A worm (D:2)
  A dart slug (D:1)
  10 bats
  2 giant cockroaches
  4 goblins
  8 hobgoblins
  A quokka (D:3)
  A ball python (D:1)
  4 frilled lizards
  2 kobolds (D:2)
  5 rats
42 creatures vanquished.

Notes
Turn   | Place    | Note
-------+----------+-------------------------------------------
     0 | D:1      | Murumi the Vampire Enchanter began the quest for the Orb.
     0 | D:1      | Reached XP level 1. HP: 13/13 MP: 3/3
   373 | D:1      | Reached skill level 5 in Stealth
   509 | D:1      | Reached XP level 2. HP: 16/19 MP: 3/5
   513 | D:1      | Learned a level 2 spell: Ensorcelled Hibernation
   965 | D:1      | Reached skill level 6 in Stealth
  1377 | D:2      | Reached skill level 1 in Fighting
  1377 | D:2      | Reached XP level 3. HP: 26/26 MP: 6/6
  2067 | D:2      | Reached XP level 4. HP: 33/33 MP: 5/7
  2072 | D:2      | Learned a level 3 spell: Confuse
  2319 | D:3      | Found a shattered altar of Ashenzari.
  2402 | D:2      | Noticed a centaur
  2412 | D:2      | HP: 1/33 [centaur (8)]
  2413 | D:2      | Slain by a centaur

Vault maps used:
D:1:      erik_arrival_triangle_medium, minmay_tripent
D:2:      first_bread
D:3:      lemuel_round_altar, portal_sewer_entry_e, cheibrodos_ashenzari_chains

Skill      XL: |  1  2  3 |
---------------+----------+-----
Stealth        | 5 6 |  6.4
Fighting       | 1 2 |  2.1
Short Blades   | |  1.1
Dodging        | |  2.1
Spellcasting   | |  2.0
Hexes          | |  4.4

Action                   |  1- 3 |  4- 6 || total
-------------------------+-------+-------++-------
Melee: Dagger            |    63 |     9 ||    72
       Bite              |     2 |     1 ||     3
 Cast: Corona            |     8 |       ||     8
       Ensorcelled Hiber |    17 |     4 ||    21
       Confuse           |       |     1 ||     1
  Use: Scroll            |     6 |     1 ||     7
       Potion            |       |     1 ||     1
 Stab: Sleeping          |    31 |     5 ||    36
Armor: Robe              |    32 |       ||    32
Dodge: Dodged            |    50 |     9 ||    59
